 Dungeon Crawl Stone Soup version 0.29.1-15-g9cfb28693d (webtiles) character file.

Game seed: 9180817898994418521

7 hawla the Firebug (level 2, 0/20 HPs)
             Began as a Meteoran Fire Elementalist on Apr 24, 2023.
             Slain by Terence
             ... wielding a +0 trident
              (8 damage)
             ... on level 3 of the Dungeon.
             The game lasted 00:00:55 (110 turns).

hawla the Firebug (Meteoran Fire Elementalist)       Turns: 110, Time: 00:00:56

Health: 0/20       AC:  2    Str:  9    XL:     2   Next: 23%
Magic:  5/6        EV: 12    Int: 16    God:
Gold:   6          SH:  0    Dex: 14    Spells: 3/6 levels left

rFire   . . .      SeeInvis .   (no weapon)
rCold   . . .      Faith    .   (no shield)
rNeg    . . .      Spirit   .   a - +0 robe
rPois   .          Reflect  .   (no helmet)
rElec   .          Harm     .   (no cloak)
rCorr   .          Rampage  .   (no gloves)
Will    .....                   (no boots)
Stlth   +.........              (no amulet)
HPRegen 0.06/turn               (no ring)
MPRegen 0.10/turn               (no ring)

@: glowing
A: sense surroundings 1, otherworldly, glowing, explore regen
a: no special abilities


You were on level 3 of the Dungeon.
You visited 1 branch of the dungeon, and saw 3 of its levels.

You collected 6 gold pieces.

Inventory:

Armour
 a - a +0 robe (worn)
Potions
 c - a potion of curing {unknown}
 d - 2 potions of attraction {unknown}


   Skills:
 + Level 2.4 Dodging
 - Level 1.4 Stealth
 + Level 2.8 Spellcasting
 + Level 1.2 Conjurations
 + Level 4.1 Fire Magic


You had 3 spell levels left.
You knew the following spells:

 Your Spells              Type           Power      Damage    Failure   Level
a - Foxfire               Conj/Fire      44%        2x1d6     6%          1
b - Scorch                Fire           30%        2d6       5%          2

Your spell library contained the following spells:

 Spells                   Type           Power      Damage    Failure   Level
 Conjure Flame            Conj/Fire      11%        6-21      19%         3
 Inner Flame              Hex/Fire       8%         N/A       24%         3
 Dazzling Flash           Conj/Hex       8%         N/A       41%         3
 Flame Wave               Conj/Fire      11%        2d6       52%         4
 Iskenderun's Mystic Bla  Conj/Tloc      4%         2d3       82%         4
 Starburst                Conj/Fire      5%         6d4       100%        6


Dungeon Overview and Level Annotations

Branches:
Dungeon (3/15) Zot: 1689

Altars:

Annotations:
D:3 Terence


Innate Abilities, Weirdness & Mutations

You passively map a small area around you.
You are easily found by Zot.
You glow in the dark.
You regain HP and MP as you explore.


Message History

A bat is nearby!
Casting: Foxfire (safe; 6% risk of failure)
Confirm with . or Enter, or press ? or * to list all spells.
You conjure some foxfire!
The foxfire hits the bat.
You kill the bat!
Casting: Foxfire (safe; 6% risk of failure)
Confirm with . or Enter, or press ? or * to list all spells.
You conjure some foxfire!
Your foxfire dissipates!
Terence and an orc come into view.
Found 4 stones.
Terence shouts!
The foxfire hits Terence.
Terence is lightly wounded.
Casting: Foxfire (safe; 6% risk of failure)
Confirm with . or Enter, or press ? or * to list all spells.
You conjure some foxfire!
Casting: Foxfire (safe; 6% risk of failure)
Confirm with . or Enter, or press ? or * to list all spells.
You conjure some foxfire!
The foxfire hits Terence.
Terence is moderately wounded.
Casting: Foxfire (safe; 6% risk of failure)
Confirm with . or Enter, or press ? or * to list all spells.
Flames lash Terence.
Terence is heavily wounded.
Terence's fire resistance burns away.
The foxfire hits Terence.
Terence is burned terribly!
Terence is severely wounded.
The foxfire hits Terence.
Terence is burned terribly!
Terence is almost dead.
Terence barely misses you. Magic courses through your body.
The foxfire hits the orc.
The orc is heavily wounded.
Terence hits you from afar with a +0 trident!
Ouch! That really hurt!
Casting: Scorch (safe; 5% risk of failure)
Confirm with . or Enter, or press ? or * to list all spells.
You conjure some foxfire!
Terence hits you from afar with a +0 trident!
You die...

*##..##., . .##
...... ,,.. ....
,.... ,... , ^ #
,#..###..# .... *
, ..
........##..... *
##.# #...........
.....
#...<....... *
#..(.#..#.##.....
, , , #.@v@.#.#
..# , #....v..# ,
. , ,
#...........,
#.o......... *
#....##..#.#
...#.##..#,# *, *
#...#.# ..., ,
#...#.# .#. , , *
* *


You could see Terence (combustible, ally target) and an orc.

Vanquished Creatures
  A bat (D:3)
  An endoplasm (D:2)
  A giant cockroach (D:2)
  A goblin (D:1)
  A hobgoblin (D:1)
  A ball python (D:1)
6 creatures vanquished.

Vanquished Creatures (others)
  17 foxfires
17 creatures vanquished.

Grand Total: 23 creatures vanquished

Notes
Turn   | Place    | Note
-------+----------+-------------------------------------------
     0 | D:1      | hawla the Meteoran Fire Elementalist began the quest for
                  | the Orb.
     0 | D:1      | Reached XP level 1. HP: 14/14 MP: 5/5
    69 | D:2      | Reached skill level 4 in Fire Magic
    69 | D:2      | Reached XP level 2. HP: 20/20 MP: 2/6
   101 | D:3      | Learned a level 2 spell: Scorch
   105 | D:3      | Noticed Terence
   110 | D:3      | Slain by Terence

Illustrated notes

Levels and vault maps discovered:
D:1:      mrwooster_arrival_statue_2, layout_loops_cross
D:2:      layout_basic, basic_ecumenical_altar, serial_shops,
          nicolae_shop_crystal
D:3:      layout_basic, serial_shops, shop_coins, uniq_terence

Skill      XL: |  1 |
---------------+----+-----
Fire Magic     | 4 |  4.1
Dodging        | |  2.4
Stealth        | |  1.4
Spellcasting   | |  2.8
Conjurations   | |  1.2

Action                   || total
-------------------------++-------
Melee: Unarmed           ||     5
 Cast: Foxfire           ||    13
       Scorch            ||     1
  Use: Potion            ||     1
Dodge: Dodged            ||     4
